 Dungeon Crawl Stone Soup version 0.30.0-19-g36f170ea60 (webtiles) character file.

Game seed: 7527305953138973038

40 cheesebisquit the Grave Robber (level 3, -5/26 HPs)
             Began as a Hill Orc Necromancer on May 31, 2023.
             Slain by a gnoll
             ... wielding a +0 spear
              (9 damage)
             ... on level 2 of the Dungeon.
             The game lasted 00:04:24 (1426 turns).

cheesebisquit the Grave Robber (HONe)               Turns: 1426, Time: 00:04:24

Health: -5/26      AC:  2    Str: 10    XL:     3   Next: 50%
Magic:  1/6        EV: 12    Int: 17    God:
Gold:   98         SH:  0    Dex: 11    Spells: 2/6 levels left

rFire   . . .        h - +4 dagger
rCold   . . .        (no shield)
rNeg    . . .        a - +0 robe
rPois   .            (no helmet)
rElec   .            (no cloak)
rCorr   .            (no gloves)
SInv    .            (no boots)
Will    .....        (no amulet)
Stlth   ++           (no ring)
HPRegen 0.24/turn    (no ring)
MPRegen 0.10/turn

%: no passive effects
@: no status effects
A: no striking features
a: no special abilities


You were on level 2 of the Dungeon.
You visited 1 branch of the dungeon, and saw 2 of its levels.

You collected 98 gold pieces.

Inventory:

Hand Weapons
 h - a +4 dagger (weapon)
Missiles
 d - 6 poisoned darts
 l - 5 javelins
Armour
 a - a +0 robe (worn)
Scrolls
 c - 2 scrolls of magic mapping {unknown}
 f - a scroll of brand weapon {unknown}
 k - a scroll of fog {unknown}
Potions
 b - a potion of magic
 e - 2 potions of brilliance {unknown}
 g - a potion of might {unknown}
 i - a potion of heal wounds {unknown}
 j - a potion of berserk rage {unknown}


   Skills:
 - Level 1.5 Dodging
 - Level 1.5 Stealth
 + Level 2.3 Spellcasting
 + Level 4.6 Necromancy


You had 2 spell levels left.
You knew the following spells:

 Your Spells              Type           Power      Damage    Failure   Level
a - Necrotise             Necr           68%        1d7       2%          1
b - Vampiric Draining     Necr           17%        2d7       9%          3

Your spell library contained the following spells:

 Spells                   Type           Power      Damage    Failure   Level
 Animate Dead             Necr           17%        N/A       28%         4
 Agony                    Necr           17%        N/A       61%         5


Dungeon Overview and Level Annotations

Branches:
Dungeon (2/15)

Altars:

Shops:
D:1 *


Message History

The dead are flying!
You now have 92 gold pieces (gained 13).
You swap places.
Found a robe.
Your bat skeleton crumbles into dust!
You now have 98 gold pieces (gained 6).
l - 5 javelins As you open the door, it creaks loudly!
A gnoll and 2 jackals come into view.
The jackal barks! x2; The gnoll shouts!
The jackal writhes in agony.
The jackal bites you.
The jackal writhes in agony.
The jackal misses you.
The gnoll hits you from afar with a +0 spear.
The jackal writhes in agony.
You kill the jackal!
The dead are walking!
The gnoll hits you from afar with a +0 spear.
The jackal bites you.
You are too injured to fight recklessly!
The jackal attacks as you move away! The jackal bites you.
Your jackal skeleton bites the jackal but does no damage.
The jackal barely misses you.
Aiming: Necrotise (safe; 2% risk of failure)
Press: ? - help, Q - select action, (/) - cycle Shift-Dir - straight line, f - jackal
Aim: a jackal (ally target, chance to affect: 87%)
The jackal writhes in agony.
Your jackal skeleton closely misses the jackal.
The gnoll hits you from afar with a +0 spear!
* * * LOW HITPOINT WARNING * * *
The jackal bites you.
* * * LOW HITPOINT WARNING * * *
Okay, then.
Aiming: Necrotise (safe; 2% risk of failure)
Press: ? - help, Q - select action, (/) - cycle Shift-Dir - straight line, f/p - jackal
Aim: a jackal (almost dead, ally target, chance to affect: 87%)
The jackal writhes in agony.
You kill the jackal!
The dead are walking!
Your jackal skeleton bites the gnoll.
The gnoll hits you from afar with a +0 spear!
You die...

###..........#...#
.............#.###
#..[#.....####.#
..###.....# #..#
.####.....###.######
.......#.###..###..#
.....#.#...#.......#
#....#...#.......ZP#+#+#
>...............@.g'...#
.#...#####........P#...#
.............(###.Z# ..#
......####....# #..# ##
##.........#..######
##................
##....##.......... #
###.##........... #
###..#...........


You could see a gnoll (ally target) and 2 friendly jackal skeletons.

Vanquished Creatures
  A dart slug (D:1)
  2 endoplasms (D:1)
  A giant cockroach (D:1)
  2 goblins (D:1)
  2 hobgoblins (D:1)
  5 jackals
  2 quokkas
  4 ball pythons
  3 bats (D:2)
  3 frilled lizards (D:1)
  5 kobolds
30 creatures vanquished.

Vanquished Creatures (collateral kills)
  A worm (D:2)
  2 goblins (D:1)
  A hobgoblin (D:2)
  A quokka (D:1)
5 creatures vanquished.

Grand Total: 35 creatures vanquished

Notes
Turn   | Place    | Note
-------+----------+-------------------------------------------
     0 | D:1      | cheesebisquit the Hill Orc Necromancer began the quest for
                  | the Orb.
     0 | D:1      | Reached XP level 1. HP: 14/14 MP: 3/3
   139 | D:1      | Reached XP level 2. HP: 20/20 MP: 2/4
   689 | D:1      | Reached XP level 3. HP: 26/26 MP: 1/6
   851 | D:1      | Found Yssaaxapna's General Store.
  1204 | D:2      | Learned a level 3 spell: Vampiric Draining
  1426 | D:2      | Slain by a gnoll

Illustrated notes

Levels and vault maps discovered:
D:1:      tarquinn_simple_flora_water_e, layout_loops_ring, serial_shops,
          nicolae_shop_stone
D:2:      layout_rooms, cheibrodos_gnoll_hut

Skill      XL: |  1  2 |
---------------+-------+-----
Spellcasting   | 2 |  2.3
Dodging        | |  1.5
Stealth        | |  1.5
Necromancy     | |  4.6

Action                     || total
---------------------------++-------
  Melee: Club              ||     5
   Cast: Necrotise         ||    58
 Armour: Robe              ||     2
  Dodge: Dodged            ||     6
